 Dungeon Sprint DCSS version 0.19-a0-1899-g2d93087 (webtiles) character file.

901 poirepourri the Geomancer (level 8, 8/43 HPs)
             Began as a Gargoyle Earth Elementalist on Oct 20, 2016.
             Was an Initiate of Vehumet.
             Got out of the dungeon alive.
             The game lasted 00:04:39 (1377 turns).

poirepourri the Geomancer (GrEE)                    Turns: 1377, Time: 00:04:40

Health: 8/43       AC: 15    Str: 12    XL:     8   Next: 7%
Magic:  4/21       EV:  6    Int: 18    God:    Vehumet [......]
Gold:   47         SH:  0    Dex: 10    Spells: 5 memorised, 11 levels left

rFire  + . .     SeeInvis .     (no weapon)
rCold  . . .     Gourm    .     e - +0 chain mail {rF+}
rNeg   + . .     Faith    .     (no shield)
rPois  ∞         Spirit   .     (no helmet)
rElec  +         Reflect  .     b - +0 cloak
rCorr  .         Harm     .     (no gloves)
MR     .....     NoTele   +     (no boots)
Stlth  ..........               (no amulet)
                                (no ring)
                                (no ring)

@: very slightly contaminated
A: blurry vision 1, negative energy resistance 1, electricity resistance,
unbreathing, petrification resistance, rot immunity, AC +5
a: Renounce Religion


You escaped.
You worshipped Vehumet.
Vehumet was noncommittal.
You were not hungry.

You visited 1 branch You collected 415 gold pieces.
You spent 368 gold pieces at shops.

Inventory:

Armour
 b - a +0 cloak (worn)
 e - a +0 chain mail of fire resistance (worn)
Books
 a - a book of Maledictions

   Spells                             Type                      Level
   a - Corona                         Hexes                        1
   b - Ensorcelled Hibernation        Hexes/Ice                    2
   c - Confuse                        Hexes                        3
   d - Tukima's Dance                 Hexes                        3
   e - Dazzling Spray                 Conjuration/Hexes            3
 k - a book of Geomancy

   Spells                             Type                      Level
   a - Sandblast                      Earth                        1
   b - Passwall                       Transmutation/Earth          2
   c - Stone Arrow                    Conjuration/Earth            3
   d - Petrify                        Transmutation/Earth          4
   e - Lee's Rapid Deconstruction     Earth                        5
Comestibles
 d - 3 bread rations


   Skills:
 + Level 1.0 Fighting
 + Level 2.2 Armour
 + Level 4.9 Dodging
 - Level 2.6 Stealth
 + Level 9.5 Spellcasting
 + Level 1.5 Conjurations
 + Level 1.2 Transmutations
 + Level 14.2 Earth Magic


You had 11 spell levels left.
You knew the following spells:

 Your Spells              Type           Power        Failure   Level  Hunger
a - Sandblast             Erth           ######       1%          1    None
b - Passwall              Tmut/Erth      #####.....   21%         2    None
c - Stone Arrow           Conj/Erth      #####.       43%         3    None
d - Petrify               Tmut/Erth      #####...     97%         4    ###....
e - Lee's Rapid Deconstr  Erth           ######....   28%         5    #####..


Dungeon Overview and Level Annotations

Branches:
Dungeon (1/1)

Altars:
Cheibriados
Dithmenos
Elyvilon
Fedhas
Gozag
Hepliaklqana
Kikubaaqudgha
Makhleb
Nemelex Xobeh
Okawaru
Qazlal
Ru
Sif Muna
Trog
Uskayaw
Vehumet
Xom
Yredelemnul
Zin
The Shining One
Jiyva
Lugonu

Shops:
D %[


Innate Abilities, Weirdness & Mutations

You are resistant to torment.
Your stone body is resilient. (AC +5)
You are immune to poison.
You resist negative energy. (rN+)
You are resistant to electric shocks. (rElec)
You can survive without breathing.
You are immune to petrification.
You are immune to rotting.
Scrolls take you a little longer to read.


Message History

As you read the scroll of blinking, it crumbles to dust.
There is an open door here.
Which direction?
You can't close doors on yourself!
There is an open door here.
You see here a giant club.
There is an open door here.
You see here a club.
Casting: Sandblast
Confirm with . or Enter, or press ? or * to list all spells.
You can't see any susceptible monsters within range! (Use Z to cast anyway.) Unknown command.
You can't go up here!
There is a staircase leading out of the dungeon here.
Are you sure you want to leave the Dungeon?
This will make you lose the game!
The deep troll bites you but does no damage.
The deep troll claws you but does no damage.
The deep troll claws you.
* * * LOW HITPOINT WARNING * * *
You have escaped!

##################
#@T#..)..#..'..#__
#..)..#.T'..#..'..
#..#####'#####'#__
#..####..#[..#§###
#..#__####..##T#≈≈
#..#_____##'#..+≈≈
#⌠⌠#_.∩...(.)(_#≈≈
####_..__##_.#'#*+
*,,#_____###'#.#,,


You could see a deep troll.

Vanquished Creatures
  A slime creature (D)
  Sigmund (D)
  A yak (D)
  An ogre (D)
  A jelly (D)
  Ijyb (D)
6 creatures vanquished.

Vanquished Creatures (others)
  Sonja (D)
1 creature vanquished.

Grand Total: 7 creatures vanquished

Notes
Turn   | Place    | Note
-------+----------+-------------------------------------------
     0 | D        | poirepourri the Gargoyle Earth Elementalist began the quest for the Orb.
     0 | D        | Reached XP level 1. HP: 10/10 MP: 3/3
     3 | D        | Noticed Ijyb
    14 | D        | Killed Ijyb
    14 | D        | Reached skill level 6 in Earth Magic
    14 | D        | Reached XP level 2. HP: 9/15 MP: 0/6
    14 | D        | Reached XP level 3. HP: 12/19 MP: 0/7
   131 | D        | Learned a level 2 spell: Passwall
   135 | D        | Learned a level 3 spell: Stone Arrow
   139 | D        | Noticed an ogre
   142 | D        | Killed an ogre
   142 | D        | Reached skill level 1 in Transmutations
   142 | D        | Reached skill level 9 in Earth Magic
   142 | D        | Reached XP level 4. HP: 24/24 MP: 4/10
   289 | D        | Learned a level 4 spell: Petrify
   302 | D        | Noticed Sigmund
   348 | D        | Found a deep blue altar of Sif Muna.
   350 | D        | Found a radiant altar of Vehumet.
   354 | D        | Reached skill level 5 in Spellcasting
   354 | D        | Reached XP level 5. HP: 9/28 MP: 8/12
   365 | D        | Killed Sigmund
   365 | D        | Reached skill level 11 in Earth Magic
   365 | D        | Reached XP level 6. HP: 4/32 MP: 5/15
   666 | D        | Became a worshipper of Vehumet
   703 | D        | Found a burning altar of Makhleb.
   703 | D        | Found a viscous altar of Jiyva.
   703 | D        | Found a shimmering altar of Xom.
   703 | D        | Found a corrupted altar of Lugonu.
   703 | D        | Noticed a slime creature
   706 | D        | Killed a slime creature
   706 | D        | Reached skill level 13 in Earth Magic
   706 | D        | Reached XP level 7. HP: 36/36 MP: 11/18
   817 | D        | Found Deeckos's Armour Emporium.
   817 | D        | Found an ancient bone altar of Kikubaaqudgha.
   817 | D        | Found a hazy altar of Hepliaklqana.
   817 | D        | Found a stormy altar of Qazlal.
   817 | D        | Found a hide-covered altar of Uskayaw.
   817 | D        | Found a blossoming altar of Fedhas.
   817 | D        | Found a bloodstained altar of Trog.
   817 | D        | Found an iron altar of Okawaru.
   817 | D        | Found a basalt altar of Yredelemnul.
   817 | D        | Found a glowing golden altar of the Shining One.
   817 | D        | Found a snail-covered altar of Cheibriados.
   817 | D        | Found a sacrificial altar of Ru.
   817 | D        | Found a glowing silver altar of Zin.
   817 | D        | Found a shadowy altar of Dithmenos.
   817 | D        | Found a white marble altar of Elyvilon.
   817 | D        | Noticed a yak
   825 | D        | Killed a yak
   946 | D        | Found an opulent altar of Gozag.
   947 | D        | Found a sparkling altar of Nemelex Xobeh.
   951 | D        | Bought a +0 cloak for 58 gold pieces
   951 | D        | Bought a +0 chain mail of fire resistance for 149 gold pieces
  1051 | D        | Learned a level 5 spell: Lee's Rapid Deconstruction
  1052 | D        | Noticed Sonja
  1083 | D        | Gained mutation: Scrolls take you a little longer to read. [mutagenic glow]
  1085 | D        | Killed Sonja
  1085 | D        | Reached skill level 1 in Fighting
  1085 | D        | Reached skill level 1 in Conjurations
  1085 | D        | Reached skill level 14 in Earth Magic
  1085 | D        | Reached XP level 8. HP: 17/43 MP: 1/21
  1319 | D        | Found Majiu's Food Boutique.
  1327 | D        | Bought a slice of pizza for 21 gold pieces
  1327 | D        | Bought a bread ration for 70 gold pieces
  1327 | D        | Bought a bread ration for 70 gold pieces
  1340 | D        | Noticed a deep troll
  1377 | D        | Got out of the dungeon alive.

Vault maps used:
D:        dungeon_sprint_1

Skill      XL: |  1  2  3  4  5  6  7 |
---------------+----------------------+-----
Dodging        | 2 3 4 |  4.9
Spellcasting   | 3 4 5 6 7 9 |  9.5
Earth Magic    | 6 9 11 13 14 | 14.2
Transmutations | 1 |  1.2
Fighting       | 1 |  1.0
Armour         | 2 |  2.2
Conjurations   | 1 |  1.5
Stealth        | |  2.6

Action                   |  1- 3 |  4- 6 |  7- 9 || total
-------------------------+-------+-------+-------++-------
Melee: Unarmed           |       |       |     9 ||     9
 Cast: Sandblast         |    11 |     9 |    17 ||    37
       Stone Arrow       |       |       |     7 ||     7
  Use: Potion            |     2 |     3 |     1 ||     6
       Scroll            |       |     1 |     1 ||     2
  Eat: Chunk             |       |       |     1 ||     1
       Pizza             |       |       |     1 ||     1
Armor: Robe              |     2 |       |     1 ||     3
       Chain mail        |       |       |    72 ||    72
Dodge: Dodged            |     4 |     2 |    27 ||    33
